[Event "*** Titled Tuesday Blitz"]
[Site "Chess.com"]
[Date "2020.04.28"]
[Round "9"]
[White "Alopekos"]
[Black "ENEASZ"]
[Result "1-0"]
[WhiteElo "2408"]
[BlackElo "2534"]
[TimeControl "180+1"]
[EndTime "11:45:03 PDT"]
[Termination "Alopekos won by resignation"]

1. e4 d6 2. d4 Nf6 3. Nc3 e5 4. Nf3 Nbd7 5. Bc4 Be7 6. O-O O-O 7. a4 c6 8. a5 Nxe4 9. Nxe4 d5 10. Nxe5 Nxe5 11.
dxe5 dxc4 12. Nd6 Be6 13. Nxb7 Qc7 14. Nd6 Rad8 15. Bf4 f6 16. Qe2 fxe5 17. Qxe5 Rf6 18. Ne4 Qxe5 19. Bxe5 Rf5 20. f4 Bd5 21. Nc3 Bc5+ 22.
Kh1 Rdf8 23. Rad1 g5 24. Nxd5 cxd5 25. Rxd5 Be3 26. g4 R5f7 27. Bd6 Rd8 28. Rxg5+ Rg7 29. Rxg7+ Kxg7 30. Be5+ Kf7 31. Bc3 Bc5 32. Kg2 Rg8 33. Kf3 Ke6 34. Re1+ Kd5 35. Re5+ Kc6 36. Rh5 Re8 37. Rh6+ Kb5 38. g5 Re3+ 39. Kg4 Re2 40.
Rxh7 Rxc2 41. g6 Bd6 42. g7 Rg2+ 43. Kf3 Kc5 1-0

[Event "*** Titled Tuesday Blitz"]
[Site "Chess.com"]
[Date "2020.04.28"]
[Round "9"]
[White "nabukatnezarr"]
[Black "allvim"]
[Result "0-1"]
[WhiteElo "2503"]
[BlackElo "2337"]
[TimeControl "180+1"]
[EndTime "11:45:05 PDT"]
[Termination "allvim won by resignation"]

1. d4 Nf6 2. Bg5 d5 3. Bxf6 exf6 4. e3 Bd6 5. g3 O-O 6. Bg2 c6 7.
Ne2 Re8 8. O-O Bf5 9. c4 dxc4 10. Nd2 Bd3 11. Re1 Nd7 12. Rc1 Nb6 13. Nf4 Bxf4 14.
gxf4 Qd7 15. Qf3 Rad8 16. Red1 Qe6 17. Bf1 Bxf1 18. Kxf1 c3 19. bxc3 Qxa2 20. Ra1 Qb2 21. Rxa7 Qxc3 22. Rxb7 Nd5 23. Ne4 Qc4+ 24. Kg2 Qc2 25.
Nd2 Nc3 26. Qh5 Rf8 27. Qc5 Qg6+ 28. Kh1 Nxd1 0-1

[Event "*** Titled Tuesday Blitz"]
[Site "Chess.com"]
[Date "2020.04.28"]
[Round "9"]
[White "Jbd735"]
[Black "yamalchess"]
[Result "1-0"]
[WhiteElo "2430"]
[BlackElo "2564"]
[TimeControl "180+1"]
[EndTime "11:45:05 PDT"]
[Termination "Jbd735 won on time"]

1. e4 e5 2. Nf3 Nc6 3. Bb5 a6 4. Ba4 Nf6 5. O-O b5 6. Bb3 Bb7 7. d3 Bd6 8. c3 O-O 9. Re1 Na5 10.
Bc2 c5 11. Nbd2 Re8 12. Nf1 Bf8 13. Ng3 g6 14. a3 Nc6 15. Bb3 d5 16. exd5 Nxd5 17.
Bg5 Qd7 18. Ne4 Re6 19. Bxd5 Qxd5 20. Nf6+ Rxf6 21. Bxf6 Bd6 22. Qe2 Re8 23. Bg5 Kg7 24.
Qe4 Qb3 25. Qh4 Qxb2 26. Bf6+ Kg8 27. Ng5 h5 28. Ne4 Bf8 29. Qg5 Qc2 30. Rad1 Na5 31. Bxe5 Be7 32. Qh6 1-0

[Event "*** Titled Tuesday Blitz"]
[Site "Chess.com"]
[Date "2020.04.28"]
[Round "9"]
[White "Skatchkov_V"]
[Black "Malysch"]
[Result "1-0"]
[WhiteElo "2550"]
[BlackElo "2383"]
[TimeControl "180+1"]
[EndTime "11:45:07 PDT"]
[Termination "Skatchkov_V won by resignation"]

1. d4 d5 2. c4 e6 3. Nf3 c6 4. Nc3 dxc4 5. e3 b5 6. a4 Bb4 7. axb5 cxb5 8. Bd2 Qb6 9. Ne5 Bb7 10. b3 a5 11. bxc4 Bxc3 12. Bxc3 b4 13. Bb2 Nf6 14.
Qa4+ Ke7 15. c5 Qc7 16. Bb5 Rc8 17. O-O Nc6 18. Nc4 Ng4 19. Nd6 Rd8 20. h3 Na7 21. hxg4 Nxb5 22. Qxb5 Ba6 23. Qxa5 Qxa5 24. Rxa5 Bxf1 25.
Rxa8 Rxa8 26. Kxf1 Ra2 27. Nc4 b3 28. Ke2 Kd7 29.
Kd3 Kc6 30. Kc3 1-0

[Event "*** Titled Tuesday Blitz"]
[Site "Chess.com"]
[Date "2020.04.28"]
[Round "9"]
[White "TregubovP"]
[Black "Mashenka97"]
[Result "1-0"]
[WhiteElo "2503"]
[BlackElo "2347"]
[TimeControl "180+1"]
[EndTime "11:45:07 PDT"]
[Termination "TregubovP won by resignation"]

1. e4 c5 2. Nf3 d6 3. c3 Nf6 4. Be2 Nc6 5. d4 cxd4 6. cxd4 g6 7. Nc3 Bg7 8. O-O O-O 9. h3 e5 10. d5 Ne7 11. Nd2 Ne8 12. Nc4 f5 13. b3 a6 14. a4 Nf6 15. Ba3 Ne8 16. a5 Rb8 17. Rc1 Bh6 18. Rc2 fxe4 19. Nxe4 Nf5 20. Bg4 Nd4 21. Rc3 Nb5 22. Be6+ Bxe6 23. dxe6 Nxc3 24.
Nxc3 Qe7 25. Qd5 Rf6 26. Nxe5 Qxe6 27. Nd7 Qxd5 28. Nxd5 Rf5 29. Ne7+ Kf7 30. Nxf5 1-0

[Event "*** Titled Tuesday Blitz"]
[Site "Chess.com"]
[Date "2020.04.28"]
[Round "9"]
[White "LizaSolovyova"]
[Black "Harsha_Bharathakoti"]
[Result "0-1"]
[WhiteElo "2539"]
[BlackElo "2734"]
[TimeControl "180+1"]
[EndTime "11:45:08 PDT"]
[Termination "Harsha_Bharathakoti won by checkmate"]

1. d4 d5 2. e3 Nf6 3. Bd3 g6 4. f4 Bg7 5. Nf3 O-O 6. c3 c5 7. O-O b6 8. Nbd2 Ba6 9. Bxa6 Nxa6 10. Ne5 Nc7 11. Qf3 Nce8 12. g4 Nd6 13. g5 Nfe4 14.
h4 f6 15. Nd3 Rc8 16. Kg2 Qd7 17. Rh1 fxg5 18. hxg5 Nxg5 19. Qxd5+ Ngf7 20. Ne5 Bxe5 21. dxe5 Qg4+ 22. Kf2 Nf5 23. Qf3 Nxe5 24. Qd5+ Nf7 25.
Ne4 Rcd8 26. Qe6 Nxe3 27. Qxg4 Nxg4+ 28. Kg3 Nf6 29. Nxf6+ exf6 30. Be3 Nd6 31. Bf2 Ne4+ 32. Kf3 f5 33. Rad1 Nd2+ 34. Kg2 Rfe8 35. Rhe1 Ne4 36. Bh4 Rxd1 37. Rxd1 h6 38. Rd7 g5 39. fxg5 hxg5 40. Be1 Nf6 41. Rd1 Re2+ 42. Kf1 Rc2 43. c4 Ne4 44.
Rd8+ Kf7 45. Rd7+ Ke6 46. Rxa7 Rxb2 47. a4 f4 48. Ra6 Kf5 49. a5 bxa5 50. Bxa5 Kg4 51. Bd8 Rb3 52. Rg6 Kf3 53. Bxg5 Rb1# 0-1

[Event "*** Titled Tuesday Blitz"]
[Site "Chess.com"]
[Date "2020.04.28"]
[Round "9"]
[White "korkmaz16"]
[Black "sergeikim"]
[Result "1-0"]
[WhiteElo "2290"]
[BlackElo "2409"]
[TimeControl "180+1"]
[EndTime "11:45:08 PDT"]
[Termination "korkmaz16 won by resignation"]

1. e4 e5 2. Nc3 Nf6 3. f4 d5 4. fxe5 Nxe4 5. Qf3 Nxc3 6. dxc3 c5 7. Bf4 Be6 8.
O-O-O Qa5 9. Kb1 Nc6 10. Qg3 O-O-O 11. Nf3 h6 12. h4 Be7 13. h5 Rhg8 14. Bd3 d4 15. c4 Nb4 16. a3 Nxd3 17. cxd3 Kb8 18.
Nd2 Bf5 19. e6+ Ka8 20. exf7 Rgf8 21. Bc7 Qa4 22. Bxd8 Bxd8 23. Qd6 Re8 24. fxe8=Q Bxd3+ 25. Ka1 Qxe8 26. Rhe1 Qg8 27. Qxc5 Bf6 28. Nf3 Bxc4 29. Qxc4 1-0

[Event "*** Titled Tuesday Blitz"]
[Site "Chess.com"]
[Date "2020.04.28"]
[Round "9"]
[White "NemtsevIgor"]
[Black "Sjakkerntobi"]
[Result "0-1"]
[WhiteElo "2351"]
[BlackElo "2215"]
[TimeControl "180+1"]
[EndTime "11:45:08 PDT"]
[Termination "Sjakkerntobi won by resignation"]

1. d4 Nf6 2. Bf4 e6 3. e3 d5 4.
Nf3 Bd6 5. Bg3 O-O 6. Nbd2 c5 7. c3 Nc6 8. Bd3 b6 9. Qe2 Bb7 10. Rd1 Ne7 11. Bxd6 Qxd6 12. Ne5 Nf5 13. g4 Nh4 14. f4 Ne4 15. Bxe4 dxe4 16. Qf2 Nf3+ 17. Ndxf3 exf3 18. dxc5 Qxc5 19. Nd7 Qb5 20. Nxf8 Rxf8 21. b3 a5 22. c4 Qb4+ 23. Kf1 a4 24. Qd2 Qxd2 25. Rxd2 f2 26. Kxf2 Bxh1 27. Rd6 axb3 28. axb3 Rb8 29. f5 exf5 30. gxf5 Kf8 31. Kg3 Ke7 32. Rd2 Bc6 33. Kf4 f6 34. e4 Rd8 35.
Rxd8 Kxd8 36. e5 fxe5+ 37. Kxe5 Ke7 38. b4 Bb7 39. c5 bxc5 40. bxc5 Bc6 41. h4 h5 42. Kf4 Kf6 43. Kg3 Kxf5 0-1

[Event "*** Titled Tuesday Blitz"]
[Site "Chess.com"]
[Date "2020.04.28"]
[Round "9"]
[White "Maghalashvili"]
[Black "Korchmar_Vasiliy"]
[Result "1-0"]
[WhiteElo "2800"]
[BlackElo "2639"]
[TimeControl "180+1"]
[EndTime "11:45:10 PDT"]
[Termination "Maghalashvili won by resignation"]

1. Nf3 d5 2. g3 g6 3. Bg2 Bg7 4. d4 Nf6 5. O-O O-O 6. b3 c5 7.
Bb2 Ne4 8. Nbd2 Nc6 9. e3 Qa5 10. Nxe4 dxe4 11. Ne5 Nxe5 12. dxe5 Rd8 13. Qe2 Bf5 14.
g4 Rd2 15. Qe1 Bxg4 16. h3 Bf3 17. Bc1 Rad8 18. Bxd2 Rxd2 19. Bxf3 exf3 20. Rd1 Qb4 21. Qxd2 Qh4 22. Qd8+ Bf8 23. Kh2 g5 24. Qc8 e6 25.
Rd8 g4 26. Rxf8+ Kg7 27. Rg8+ 1-0

[Event "*** Titled Tuesday Blitz"]
[Site "Chess.com"]
[Date "2020.04.28"]
[Round "9"]
[White "Azatic"]
[Black "MergenKakabaev"]
[Result "0-1"]
[WhiteElo "2630"]
[BlackElo "2466"]
[TimeControl "180+1"]
[EndTime "11:45:10 PDT"]
[Termination "MergenKakabaev won by checkmate"]

1. d4 d5 2. c4 c6 3. cxd5 cxd5 4. Nf3 Nf6 5. Bf4 Nc6 6. Nc3 e6 7. e3 Bd6 8. Bg3 Bxg3 9. hxg3 Bd7 10. Bd3 Nb4 11. Bb1 Qb6 12. O-O Rc8 13. a3 Nc6 14. Qe2 O-O 15. Bd3 Rfd8 16. Rfc1 Na5 17. Rab1 Nb3 18.
Rc2 Be8 19. Ne5 Rc7 20. g4 Rdc8 21. g5 Nd7 22. Nxd7 Bxd7 23. Qh5 g6 24. Qe2 a6 25.
g3 Qd6 26. Na2 b5 27. Kg2 Qb6 28. Rxc7 Rxc7 29. Bc2 Na5 30. Rc1 Nc4 31. Bb3 a5 32. Bxc4 bxc4 33. Rh1 e5 34. Nc3 exd4 35. exd4 Qxd4 36.
Qf3 Bc6 37. Ne2 Qxb2 38. Qf4 d4+ 39. f3 Qxe2+ 40. Kg1 Qxf3 41. Qxc7 Qg2# 0-1

[Event "*** Titled Tuesday Blitz"]
[Site "Chess.com"]
[Date "2020.04.28"]
[Round "9"]
[White "Larisa004"]
[Black "pichonazo"]
[Result "1-0"]
[WhiteElo "2149"]
[BlackElo "2397"]
[TimeControl "180+1"]
[EndTime "11:45:10 PDT"]
[Termination "Larisa004 won by resignation"]

1. e4 c5 2. Nf3 d6 3. d4 cxd4 4. Nxd4 Nf6 5. Nc3 Nc6 6. Be2 e5 7. Nb3 Be7 8. O-O O-O 9. Be3 a5 10. Bf3 a4 11. Nd2 a3 12. Rb1 axb2 13. Rxb2 Qa5 14. Bb6 Qxc3 15. Rb3 Qxb3 16. axb3 Be6 17. Nb1 Rfc8 18. Qd2 Nd7 19. Be3 Nc5 20. Nc3 Bf8 21. Rd1 Nd7 22. Nb5 Rd8 23. c4 Nc5 24. Qb2 Nb4 25.
Nc7 Rac8 26. Bxc5 dxc5 27. Nxe6 fxe6 28. Qxe5 Kf7 29. Rxd8 Rxd8 30. Bg4 Rd6 31. f4 Nc6 32. Qh5+ Kg8 33. e5 Rd8 34. Bxe6+ Kh8 35. Bf5 h6 36. Qg6 Kg8 37. Qh7+ Kf7 38. Qg6+ Kg8 39. e6 1-0

[Event "*** Titled Tuesday Blitz"]
[Site "Chess.com"]
[Date "2020.04.28"]
[Round "9"]
[White "White_Ghost"]
[Black "Trickov"]
[Result "0-1"]
[WhiteElo "2422"]
[BlackElo "2288"]
[TimeControl "180+1"]
[EndTime "11:45:10 PDT"]
[Termination "Trickov won by checkmate"]

1. d4 d5 2. c4 c6 3. cxd5 cxd5 4. Bf4 Nf6 5. e3 Nc6 6. Nc3 a6 7. Rc1 e6 8. Bd3 Bd6 9. Bxd6 Qxd6 10. f4 O-O 11. Nf3 Bd7 12. Ne5 Rac8 13. g4 Qb4 14. g5 Nxe5 15. gxf6 Nxd3+ 16. Qxd3 Qxb2 17. O-O Bb5 18.
Nxb5 Rxc1 19. Nd6 Rxf1+ 20. Qxf1 gxf6 21. Qh3 Kh8 22. Qh4 Rg8+ 23. Kf1 Rg6 24. f5 Qg2+ 25. Ke1 exf5 26. Qf4 Qc2 27. Kf1 Qg2+ 28. Ke1 Qg1+ 29. Kd2 Rg2+ 30. Kc3 Qc1+ 31. Kb4 Rb2+ 32. Ka5 Qc3+ 33.
Ka4 Qb4# 0-1

[Event "*** Titled Tuesday Blitz"]
[Site "Chess.com"]
[Date "2020.04.28"]
[Round "9"]
[White "Joseph_Truelson"]
[Black "cukin84"]
[Result "1-0"]
[WhiteElo "2213"]
[BlackElo "2086"]
[TimeControl "180+1"]
[EndTime "11:45:10 PDT"]
[Termination "Joseph_Truelson won by resignation"]

1. c4 f5 2. d4 Nf6 3. Nc3 g6 4. h4 h5 5. Bg5 Bg7 6. Qc2 d6 7.
O-O-O c6 8. e4 O-O 9. e5 Nh7 10. Bf4 Qc7 11. exd6 exd6 12. c5 Rd8 13. Bxd6 Rxd6 14.
cxd6 Qxd6 15. Bc4+ Kh8 16. Nf3 b5 17. Bf7 Nd7 18. d5 c5 19. Nxb5 Qf4+ 20. Qd2 Qa4 21. Nc3 Qg4 22. Rhe1 Ba6 23. Re8+ Rxe8 24. Bxe8 Ndf6 25.
Bf7 Nf8 26. Ne5 Qxh4 27. Nxg6+ Nxg6 28. Bxg6 Ng4 29. Kb1 Bc8 30. Re1 Bd7 31. Qf4 Qxf2 32.
Qb8+ 1-0

[Event "*** Titled Tuesday Blitz"]
[Site "Chess.com"]
[Date "2020.04.28"]
[Round "9"]
[White "giantslayer83"]
[Black "etserga"]
[Result "1-0"]
[WhiteElo "2683"]
[BlackElo "2459"]
[TimeControl "180+1"]
[EndTime "11:45:12 PDT"]
[Termination "giantslayer83 won by resignation"]

1. d4 d5 2. c4 c6 3. Nf3 Nf6 4.
e3 a6 5. b3 Bg4 6. Bd3 e6 7.
O-O Nbd7 8. Nbd2 Bd6 9. h3 Bh5 10. Bb2 O-O 11. Qc2 Qb8 12. g4 Bg6 13. Bxg6 fxg6 14.
Ng5 Re8 15. f4 c5 16. Rae1 cxd4 17. Bxd4 e5 18. fxe5 Bxe5 19. Ndf3 Bxd4 20. exd4 Ne4 21. Nxe4 dxe4 22. Ng5 e3 23. Rf3 Nf6 24. d5 Qa7 25. Ne6 b5 26. Kg2 Rac8 27. Qd3 Qb6 28. Rfxe3 bxc4 29.
bxc4 Nd7 30. Qb3 Qa5 31. Qb2 Nf6 32. Qb7 Qd2+ 33. R1e2 1-0

[Event "*** Titled Tuesday Blitz"]
[Site "Chess.com"]
[Date "2020.04.28"]
[Round "9"]
[White "Pomegranate988"]
[Black "Meri-Arabidze"]
[Result "1-0"]
[WhiteElo "2490"]
[BlackElo "2610"]
[TimeControl "180+1"]
[EndTime "11:45:14 PDT"]
[Termination "Pomegranate988 won by resignation"]

1. d4 d5 2. c4 e6 3. Nf3 Nf6 4. g3 Bb4+ 5. Nc3 dxc4 6. Bg2 Nc6 7. O-O Rb8 8. a3 Bxc3 9. bxc3 b5 10. Qc2 O-O 11. e4 h6 12. a4 a6 13. Ba3 Re8 14. Rab1 Bd7 15. Rfd1 Na5 16. axb5 axb5 17. Ne5 Nb3 18.
h3 Ra8 19. Bb4 Ra4 20. f4 Qc8 21. Nxd7 Qxd7 22. d5 exd5 23. e5 d4 24. exf6 d3 25.
Qf2 c5 26. Bxc5 Re2 27. Qxe2 Nxc5 28. Qe7 Qc8 29. Rxb5 Nb3 30. Qd6 1-0

[Event "*** Titled Tuesday Blitz"]
[Site "Chess.com"]
[Date "2020.04.28"]
[Round "9"]
[White "manuellarrea"]
[Black "InitiatingASC"]
[Result "0-1"]
[WhiteElo "2180"]
[BlackElo "2392"]
[TimeControl "180+1"]
[EndTime "11:45:16 PDT"]
[Termination "InitiatingASC won by resignation"]

1. e4 c5 2. Nf3 Nc6 3. d4 cxd4 4. Nxd4 Nf6 5. Nc3 e5 6. Ndb5 h6 7. Nd6+ Bxd6 8. Qxd6 Qe7 9. Qxe7+ Kxe7 10. Be3 Rd8 11. O-O-O d6 12. Nd5+ Nxd5 13. exd5 Nb8 14. Kb1 f5 15. f4 Nd7 16. c4 b6 17. Be2 Kf6 18. g3 Re8 19. Rhe1 g5 20. Bh5 Re7 21.
fxe5+ Nxe5 22. Bd4 Bd7 23. b3 Be8 24. Bxe8 Raxe8 25. Rd2 Kf7 26. Rde2 Nf3 27. Rxe7+ Rxe7 28. Rxe7+ Kxe7 29. Bg7 Nxh2 30. Bxh6 Kf6 31. Kc2 Nf1 32. Bf8 Nxg3 33.
Bxd6 Ne4 34. Bb8 g4 35. Bxa7 f4 36. Bxb6 g3 37. Kd3 Kf5 38. a4 f3 39. a5 g2 40.
a6 f2 41. Bxf2 Nxf2+ 42. Ke2 g1=Q 0-1

[Event "*** Titled Tuesday Blitz"]
[Site "Chess.com"]
[Date "2020.04.28"]
[Round "9"]
[White "Volovier"]
[Black "Sethu0025"]
[Result "1/2-1/2"]
[WhiteElo "2634"]
[BlackElo "2816"]
[TimeControl "180+1"]
[EndTime "11:45:17 PDT"]
[Termination "Game drawn - insufficient material"]

1. d4 d6 2. c4 e5 3. d5 Be7 4. Nc3 Bg5 5. e4 Bxc1 6. Rxc1 Ne7 7. Nf3 O-O 8. Bd3 a5 9. O-O Na6 10. a3 Nc5 11. b4 Nxd3 12. Qxd3 f5 13. c5 axb4 14.
axb4 Ng6 15. Ra1 fxe4 16. Nxe4 Bf5 17. Rxa8 Qxa8 18. Nfd2 Qa2 19. f3 Nf4 20. Qe3 Nxd5 21. Qb3 Qxb3 22. Nxb3 Bxe4 23. fxe4 Rxf1+ 24. Kxf1 Nxb4 25. cxd6 cxd6 26. Na5 b5 27. Nb7 d5 28. Nd6 d4 29.
Nxb5 Kf7 30. Ke2 Ke6 31. Na3 Na6 32. h4 Nc5 33. Kf3 h5 34. Nc4 g6 35. g3 Nb3 36.
g4 hxg4+ 37. Kxg4 Nc5 38. Kg5 Nxe4+ 39. Kxg6 Kd5 40. Nb2 Ng3 41. h5 Nxh5 42. Kxh5 e4 43. Kg4 d3 44. Kf4 Kd4 45. Nd1 d2 46. Kg3 Kd3 47.
Kf2 Kc2 48. Ke2 Kc1 49. Ne3 d1=Q+ 50. Nxd1 e3 51. Nxe3 1/2-1/2

[Event "*** Titled Tuesday Blitz"]
[Site "Chess.com"]
[Date "2020.04.28"]
[Round "9"]
[White "Durarbayli"]
[Black "Tapuah"]
[Result "1-0"]
[WhiteElo "2813"]
[BlackElo "2837"]
[TimeControl "180+1"]
[EndTime "11:45:20 PDT"]
[Termination "Durarbayli won by resignation"]

1. e4 c5 2. b3 Nf6 3. e5 Nd5 4. Bb2 Nc6 5. Nf3 d6 6. Bb5 Bd7 7. exd6 exd6 8. O-O Qb6 9. Re1+ Be7 10. Na3 a6 11. Bxc6 Qxc6 12. c4 Nf4 13. d4 Bg4 14. d5 Qd7 15. Qd2 Qf5 16. Qc3 f6 17. Nc2 Bxf3 18.
Qxf3 Qxc2 19. Qxf4 Qxb2 20. Qxd6 O-O 21. Qxe7 Rae8 22.
Qxe8 Rxe8 23. Rxe8+ Kf7 24. Ree1 b5 25. Rad1 bxc4 26. bxc4 1-0

[Event "*** Titled Tuesday Blitz"]
[Site "Chess.com"]
[Date "2020.04.28"]
[Round "9"]
[White "Vaathi_Coming"]
[Black "ManuDavid2910"]
[Result "1-0"]
[WhiteElo "2856"]
[BlackElo "2646"]
[TimeControl "180+1"]
[EndTime "11:45:20 PDT"]
[Termination "Vaathi_Coming won by resignation"]

1. Nc3 c5 2. e4 Nc6 3. Bb5 g6 4. Bxc6 bxc6 5. f4 Bg7 6. Nf3 Ba6 7. d3 d5 8. O-O Bxc3 9. bxc3 dxe4 10. Ne5 exd3 11. cxd3 f6 12. Nc4 Nh6 13. Be3 Qd5 14.
Nb2 Nf5 15. Bf2 h5 16. c4 Qd6 17. Na4 Qxf4 18. Nxc5 Bc8 19. Qa4 Qc7 20. Rae1 O-O 21. d4 Rd8 22. Re4 a5 23. Rfe1 Rb8 24. Qc2 Kf7 25.
Qc3 h4 26. Bxh4 Rh8 27. Bg3 Qa7 28. Bxb8 Qxb8 29. h3 Re8 30. Qxa5 Nd6 31. R4e2 Nxc4 32.
Qa4 Nd6 33. Qxc6 Qb4 34. Qd5+ Kg7 35. Rxe7+ Kh6 36. Qxd6 1-0

[Event "*** Titled Tuesday Blitz"]
[Site "Chess.com"]
[Date "2020.04.28"]
[Round "9"]
[White "HrvojeZagreb"]
[Black "ChessBitl"]
[Result "0-1"]
[WhiteElo "2103"]
[BlackElo "2274"]
[TimeControl "180+1"]
[EndTime "11:45:21 PDT"]
[Termination "ChessBitl won by resignation"]

1. d4 Nf6 2. Bf4 g6 3. Nc3 Bg7 4. e4 d6 5. Qd2 O-O 6. O-O-O Nc6 7. Bh6 e5 8. Nge2 exd4 9. Nxd4 Nxd4 10. Bxg7 Kxg7 11.
Qxd4 Qe7 12. Nd5 Qd8 13. f3 Be6 14. Ne3 Kg8 15. g4 Qe7 16. h4 h5 17. Be2 Kh7 18. f4 Bxg4 19. Nxg4 hxg4 20. e5 dxe5 21. fxe5 Rad8 22.
Qf4 Rxd1+ 23. Bxd1 Nh5 24. Qe3 Re8 25. Re1 Qxh4 26. c3 Re7 27. Qc5 Kg7 28. Rg1 Qg5+ 29. Kb1 Qxe5 30. Qxe5+ Rxe5 31. Bxg4 Rg5 32. Rg2 Nf4 33.
Rg3 f5 0-1

[Event "*** Titled Tuesday Blitz"]
[Site "Chess.com"]
[Date "2020.04.28"]
[Round "9"]
[White "dukicz123"]
[Black "1977Ivan"]
[Result "0-1"]
[WhiteElo "2498"]
[BlackElo "2647"]
[TimeControl "180+1"]
[EndTime "11:45:23 PDT"]
[Termination "1977Ivan won by resignation"]

1. e4 c5 2. Nf3 e6 3. d4 cxd4 4. Nxd4 Nc6 5. Nc3 Qc7 6. Be3 a6 7.
Qd2 Nf6 8. O-O-O Bb4 9. f3 O-O 10. g4 b5 11. Kb1 Bb7 12. Rg1 Ne5 13. g5 Nh5 14. f4 Nc4 15. Bxc4 Qxc4 16. a3 Bxc3 17.
Qxc3 Qxc3 18. bxc3 Bxe4 19. Nb3 d5 20. Nc5 Bf5 21.
Kb2 Rfc8 22. Ra1 Nxf4 23. Bxf4 Rxc5 24. Be5 Rc4 25. Bd4 Rac8 26. Rg2 a5 27. Rd1 Be4 28. Rf2 b4 29. axb4 axb4 30. cxb4 Rxb4+ 31. Kc1 Rbc4 32. c3 h5 33. gxh6 gxh6 34. Kd2 Bg6 35. Ke3 Kf8 36. Kf4 Ke7 37. Ke5 Rxc3 38. Bxc3 Rxc3 39.
Ra1 Re3+ 40. Kd4 Re4+ 41. Kc5 Rc4+ 42. Kb5 Kd6 43. Re2 Be4 44. Rae1 f5 45. Rg1 f4 46. Rg6 0-1

[Event "*** Titled Tuesday Blitz"]
[Site "Chess.com"]
[Date "2020.04.28"]
[Round "9"]
[White "swimmerchess"]
[Black "IMTominho"]
[Result "1-0"]
[WhiteElo "2866"]
[BlackElo "2815"]
[TimeControl "180+1"]
[EndTime "11:45:25 PDT"]
[Termination "swimmerchess won by resignation"]

1. e4 e5 2. Nf3 Nf6 3. Nxe5 d6 4.
Nf3 Nxe4 5. Bd3 Nf6 6. O-O Be7 7. c3 O-O 8. Bc2 b6 9. d4 Bb7 10. Re1 Nbd7 11. Bg5 Re8 12. Nbd2 Bf8 13. Bf5 Rxe1+ 14. Qxe1 Be7 15. Qe2 h6 16. Re1 Bf8 17. Bh4 Qb8 18. c4 g6 19. Bb1 Bg7 20. d5 b5 21. b3 bxc4 22. bxc4 Ba6 23. Bd3 Qb2 24. Nb3 Qxe2 25. Bxe2 Ne4 26. Bf1 f5 27. Nfd4 Ndc5 28. f3 Nc3 29.
Re7 Rc8 30. Nc6 Bf8 31. Nxc5 dxc5 32. Re6 g5 33. Be1 Nxa2 34. Nxa7 Bb7 35. Nxc8 Bxc8 36. Re8 Bd7 37. Rd8 Ba4 38. Ra8 Bb3 39. Ra3 Nc1 40.
Bd2 1-0

[Event "*** Titled Tuesday Blitz"]
[Site "Chess.com"]
[Date "2020.04.28"]
[Round "9"]
[White "Zq1"]
[Black "MFguimaraes"]
[Result "1-0"]
[WhiteElo "2575"]
[BlackElo "2408"]
[TimeControl "180+1"]
[EndTime "11:45:27 PDT"]
[Termination "Zq1 won by resignation"]

1. d4 Nf6 2. c4 e6 3. Nc3 d5 4. Nf3 Be7 5. g3 O-O 6. Bg2 dxc4 7. Ne5 Nc6 8. Bxc6 bxc6 9. Nxc6 Qe8 10. Nxe7+ Qxe7 11. Qa4 Bb7 12. O-O c5 13. Qxc4 cxd4 14. Qxd4 Rfd8 15. Qh4 Qc5 16. Be3 Qc6 17. f3 Nd5 18.
Nxd5 Rxd5 19. Rac1 Qb5 20. Rc2 h6 21. Rfc1 Re5 22.
Kf2 Rh5 23. Rc5 Rxh4 24. Rxb5 Rxh2+ 25. Kg1 Rxe2 26. Rxb7 Rxe3 27. Kf2 Rd3 28. Rcc7 Rf8 29. Ke2 Rfd8 30. Rxf7 Rd2+ 31. Ke3 R8d3+ 32. Ke4 Rd4+ 33. Ke5 Rd5+ 34. Kxe6 Rd6+ 35. Ke7 R6d3 36. Rb8+ Kh7 37. Ke8 Re3+ 38. Kf8 h5 1-0

[Event "*** Titled Tuesday Blitz"]
[Site "Chess.com"]
[Date "2020.04.28"]
[Round "9"]
[White "GMMarcinDziuba"]
[Black "EugeneRougon"]
[Result "1-0"]
[WhiteElo "2635"]
[BlackElo "2764"]
[TimeControl "180+1"]
[EndTime "11:45:31 PDT"]
[Termination "GMMarcinDziuba won by resignation"]

1. e4 e6 2. d3 d5 3. Nd2 c5 4.
Ngf3 Nc6 5. g3 Nf6 6. Bg2 g6 7. O-O Bg7 8. c3 O-O 9. e5 Nd7 10. d4 a5 11. a3 cxd4 12. cxd4 f6 13. exf6 Qxf6 14. Nb3 a4 15. Bg5 Qf7 16. Nc1 h6 17. Be3 g5 18. Nd3 g4 19. Nfe5 Ndxe5 20. dxe5 Qg6 21.
Bf4 b6 22. Rc1 Nd4 23. Nb4 Nb3 24. Rc6 Bd7 25. Rd6 Bb5 26. Nxd5 Kh8 27. Re1 Rad8 28. Nc7 Rc8 29. Nxb5 1-0

[Event "*** Titled Tuesday Blitz"]
[Site "Chess.com"]
[Date "2020.04.28"]
[Round "9"]
[White "Borsuk_Konstantin"]
[Black "kuli4ik"]
[Result "0-1"]
[WhiteElo "2575"]
[BlackElo "2717"]
[TimeControl "180+1"]
[EndTime "11:45:31 PDT"]
[Termination "kuli4ik won by resignation"]

1. d4 d5 2. c4 c6 3. Nc3 dxc4 4. e3 b5 5. a4 b4 6. Ne4 Qd5 7. Ng3 Nf6 8. Nf3 e6 9. Be2 Be7 10. O-O O-O 11. Qc2 Ba6 12. e4 Qa5 13. Bxc4 c5 14. d5 exd5 15. exd5 Bxc4 16. Qxc4 Qa6 17. b3 Rd8 18. Rd1 Qxc4 19. bxc4 Nbd7 20. a5 Ne8 21. a6 Nd6 22. Bf4 Nb6 23. Bxd6 Bxd6 24. Rac1 g6 25.
Nd2 f5 26. Nb3 Re8 27. Kf1 Re7 28. Re1 Rae8 29. Rxe7 Rxe7 30. Na5 Kf7 31. Nc6 Rc7 32. Ne2 Kf6 33. Rc2 b3 34. Rc3 b2 35. Rb3 Nxc4 36.
Ke1 Be5 37. f4 Bd4 38. Nexd4 cxd4 39. Ke2 Nb6 40. Kd3 Nxd5 41. Nxd4 Rc3+ 0-1

[Event "*** Titled Tuesday Blitz"]
[Site "Chess.com"]
[Date "2020.04.28"]
[Round "9"]
[White "otrov-11"]
[Black "Sadykov_Ramil"]
[Result "0-1"]
[WhiteElo "2376"]
[BlackElo "2516"]
[TimeControl "180+1"]
[EndTime "11:45:31 PDT"]
[Termination "Sadykov_Ramil won by resignation"]

1. Nf3 c5 2. c4 Nc6 3. Nc3 e5 4.
e4 g6 5. g3 Bg7 6. Bg2 d6 7. O-O Nge7 8. d3 O-O 9. Be3 h6 10.
Qd2 Kh7 11. Nh4 g5 12. Nf3 f5 13. exf5 Bxf5 14. h4 g4 15. Nh2 Qd7 16. Ne4 Nd4 17. Bxd4 exd4 18. Rae1 Nc6 19. f3 Ne5 20. fxg4 Bxg4 21.
Nxg4 Nxg4 22. Bh3 Be5 23. Qe2 Rg8 24. Rf3 Rg7 25. Ref1 Rag8 26. Bxg4 Qxg4 27. Rf7 Qxe2 0-1

[Event "*** Titled Tuesday Blitz"]
[Site "Chess.com"]
[Date "2020.04.28"]
[Round "9"]
[White "guillembaches"]
[Black "Vespasian23"]
[Result "0-1"]
[WhiteElo "2398"]
[BlackElo "2280"]
[TimeControl "180+1"]
[EndTime "11:45:31 PDT"]
[Termination "Vespasian23 won on time"]

1. e4 c5 2. Nf3 Nc6 3. d4 cxd4 4. Nxd4 g6 5. c4 Nf6 6. Nc3 Bg7 7. Nc2 O-O 8. Be2 d6 9. O-O a5 10. f3 Be6 11. Be3 a4 12. Na3 Nd7 13. Qd2 Nde5 14. Rfc1 Qa5 15. Rab1 Rfc8 16. Qd1 Nd8 17. Nd5 Bxd5 18.
cxd5 Nd7 19. Nc4 Qb4 20. a3 Qb3 21. Qd3 Qxd3 22. Bxd3 b5 23. Na5 Rxc1+ 24. Rxc1 Bxb2 25. Rc7 Ne5 26. Bf1 Rxa5 27. Rc8 Kg7 28. Rxd8 Bxa3 29. Rb8 Nc4 30. Bd4+ f6 31. Rc8 Bc1 0-1

[Event "*** Titled Tuesday Blitz"]
[Site "Chess.com"]
[Date "2020.04.28"]
[Round "9"]
[White "BasilSmash"]
[Black "picturesquecheck"]
[Result "1-0"]
[WhiteElo "2441"]
[BlackElo "2160"]
[TimeControl "180+1"]
[EndTime "11:45:36 PDT"]
[Termination "BasilSmash won by resignation"]

1. d4 Nf6 2. Nf3 d5 3. g3 g6 4.
Bg2 Bg7 5. O-O O-O 6. c4 c6 7. b3 Re8 8. Bb2 b6 9. e3 Bg4 10. h3 Be6 11. Qe2 h6 12. Nc3 Qd7 13. Kh2 g5 14. Rac1 Qd6 15. Ne5 Nbd7 16. f4 gxf4 17. exf4 Bf5 18. g4 Be4 19. Nxe4 Nxe4 20. Nxd7 Qxd7 21.
Bxe4 dxe4 22. Qxe4 c5 23. Rcd1 Qc7 24. Rd2 Rad8 25. Kg2 Rd7 26. Rfd1 Red8 27. d5 Bxb2 28. Rxb2 e6 29. Rbd2 f5 30. Qxe6+ Rf7 31. d6 Qc6+ 32.
Rd5 Re8 33. Qg6+ Rg7 34. Qxf5 Re2+ 35. Kf3 Qe8 36. Qd3 Rxa2 37. d7 Qd8 38. Re1 Qh4 39. d8=Q+ 1-0